 Dungeon Crawl Stone Soup version 0.19-a0-1792-g28b16ba (webtiles) character file.

45453 4thArraOfDagon the Grappler (level 14, -29/137 HPs)
             Began as a Troll Monk on Oct 4, 2016.
             Was the Champion of the Shining One.
             Killed from afar by a deep elf annihilator (46 damage)
             ... with a bolt of lightning
             ... on level 3 of the Elven Halls.
             The game lasted 00:28:00 (5506 turns).

4thArraOfDagon the Grappler (Troll Monk)            Turns: 5506, Time: 00:28:01

Health: -29/137    AC:  4    Str: 20    XL:     14   Next: 1%
Magic:  16/19      EV: 16    Int: 11    God:    the Shining One [******]
Gold:   770        SH: 16    Dex: 13    Spells: 0 memorised, 13 levels left

rFire  . . .     SeeInvis .       - Unarmed
rCold  + . .     Gourm    +     p - +1 robe of Fallacy {Regen+}
rNeg   + + +     Faith    .     o - +1 shield
rPois  +         Spirit   .     (helmet restricted)
rElec  .         Dismiss  .     (no cloak)
rCorr  .         Reflect  .     (gloves unavailable)
MR     ++...     Harm     .     (boots unavailable)
Stlth  +......... Rnd*Rage +    (no amulet)
                                t - ring of flight
                                s - +2 ring of evasion

@: corroded, glowing
A: unfitting armour, antennae 1, claws 3, hooves 1, large bone plates 1, yellow
scales 1, berserk 1, clever 1, cold resistance 1, fast metabolism 3, gourmand,
magic resistance 1, poison resistance, regeneration 1, screaming 1, shaggy fur
1, tough skin 2, weak 1, wild magic 1
a: Divine Shield, Cleansing Flame, Summon Divine Warrior, Brand Weapon With Holy
Wrath, Renounce Religion, Evoke Flight


You were on level 3 of the Elven Halls.
You worshipped the Shining One.
The Shining One was exalted by your worship.
You were completely stuffed.

You visited 3 branches of the dungeon, and saw 18 of its levels.
You also visited: Ossuary and Ice Cave.

You collected 1361 gold pieces.
You spent 591 gold pieces at shops.

Inventory:

Hand Weapons
 r - the +1 dagger "Ziwevi" {pain, *Rage rF+ Str+7 Dex+3, unknown}
   (You found it on level 6 of the Dungeon)

   In the hands of one skilled in necromantic magic, it inflicts extra damage on
   living creatures.
   It affects your strength (+7).
   It affects your dexterity (+3).
   It protects you from fire.
   It may make you go berserk in combat.
   The Shining One disapproves of the use of such an item.
 v - a cursed -1 giant spiked club
Missiles
 q - 9 large rocks (quivered)
Armour
 a - a +0 robe
 o - a +1 shield (worn)
 p - the +1 robe of Fallacy (worn) {Regen+}
   (You found it on level 5 of the Dungeon)

   It increases your rate of regeneration.
Rods
 x - a +0 iron rod (10/10)
   (You found it on level 8 of the Dungeon)
Jewellery
 s - a +2 ring of evasion (left claw)
 t - a ring of flight (right claw)
Wands
 A - a wand of digging (22/24)
 B - a wand of acid (8/15)
 D - a wand of heal wounds (3/9)
Scrolls
 e - a scroll of amnesia
 g - 4 scrolls of recharging
 h - 2 scrolls of teleportation
 i - a scroll of immolation
 j - 5 scrolls of remove curse
 l - a scroll of enchant armour
 y - a scroll of noise
Potions
 d - 2 potions of brilliance
 k - 2 potions of heal wounds
 m - 2 potions of degeneration
 n - a potion of haste {unknown}
 u - a potion of flight
 w - 2 potions of curing
 z - a potion of might
 E - a potion of magic {unknown}
Comestibles
 b - 5 bread rations
 c - 3 meat rations
 f - a beef jerky


   Skills:
 + Level 8.4 Fighting
 + Level 8.4 Dodging
 - Level 1.1 Stealth
 * Level 10.1 Shields
 * Level 14.1 Unarmed Combat
 + Level 8.7 Invocations


You had 13 spell levels left.
You didn't know any spells.

Dungeon Overview and Level Annotations

Branches:
Dungeon (13/15)               Orc (2/2) D:11            Elf (3/3) Orc:2
 Temple: D:4-7         Lair: D:8-11      Vaults: D:13-14

Altars:
Cheibriados
Kikubaaqudgha
Okawaru
Trog
Vehumet
The Shining One
Beogh

Shops:
Orc:2 :}}*:   Elf:3 *

Portals:
Trove: Elf:3 (give +5 ice dragon armour)

Annotations:
D:2 Natasha


Innate Abilities, Weirdness & Mutations

You are too large for most types of armour.
You have claws for hands.
Your metabolism is lightning-fast.
You like to eat raw meat.
Your natural rate of healing is unusually fast.
You are covered in fur. (AC +1)
You have very tough skin. (AC +2)
You have a pair of small antennae on your head.
You have large cloven feet.
You are partially covered in large bone plates. (SH +4)
You are partially covered in yellow scales. (AC +2)
You tend to lose your temper in combat.
Your mind is acute. (Int +2)
Your flesh is cold resistant. (rC+)
You are resistant to hostile enchantments. (MR+)
Your system is resistant to poisons. (rPois)
You occasionally shout uncontrollably at your foes.
You are weak. (Str -2)
Your spells are a little harder to cast, but a little more powerful.


Message History

You feel much better.
You block the deep elf sorcerer's attack.
Your angel hits the deep elf sorcerer with a whip of holy wrath!
The deep elf sorcerer dies!
The Shining One accepts your kill.
You have reached level 14!
The deep elf annihilator mumbles some strange words.
The deep elf annihilator blinks!
Unknown command.
Unknown command.
You swap places.
Your angel hits the deep elf annihilator with a whip of holy wrath! x2
Your daeva blocks the deep elf mage's attack.
The deep elf annihilator casts a spell at you.
The bolt of lightning hits your angel.
Your angel resists.
The bolt of lightning hits you!
* * * LOW HITPOINT WARNING * * *
The bolt of lightning hits you!
You die...

#.# .. #.# e. #.# #. #.
#. # #e ##### #.
########## ##(...
#e###........######)....
#ยง).eA.@)#.#.#.#.#()....
#####..A#........)##().#
#..e##.#.#.#.####)##
##............##.##
###.#.#.#.#.##.##
#...<.......##
###.#.#.#.### #.........#
##.#.#.#.##


You could see a deep elf annihilator, 2 deep elf magi, a friendly daeva and a
friendly angel.

Vanquished Creatures
  2 deep elf annihilators (Elf:1)
  A deep elf high priest (Elf:1)
  3 dancing weapons
  2 ogre magi (Orc:2)
  6 deep elf knights
  A deep troll (Orc:2)
  3 unseen horrors
  4 deep elf archers
  3 hill giants
  27 deep elf magi
  A cyclops (Orc:2)
  An ugly thing (D:11)
  A merfolk (D:13)
  7 trolls
  A hornet (D:13)
  7 two-headed ogres
  A hippogriff (D:10)
  An air elemental (Elf:1)
  A water elemental (Elf:3)
  Eustachio (D:4)
  A shadow (D:12)
  A human (D:13)
  12 yaks
  A hungry ghost (D:10)
  3 wargs (Orc:1)
  2 water moccasins
  12 ice beasts
  8 orc warriors
  3 phantoms
  2 black bears (D:7)
  4 sky beasts
  4 centaurs
  14 ogres
  2 crocodiles
  4 bullfrogs
  Blork the orc (D:4)
  A gnoll sergeant (D:6)
  3 earth elementals (Elf:1)
  22 killer bees
  2 howler monkeys
  2 crimson imps
  3 hounds
  2 jellies
  8 orc priests
  2 bullfrog skeletons
  A gnoll shaman (D:4)
  15 orc wizards
  2 iguanas
  7 worker ants
  5 big kobold zombies (Ossuary)
  A mummy (Ossuary)
  A hound skeleton (D:8)
  7 gnolls
  4 adders
  2 shadow imps
  2 leopard geckos
  44 orcs
  2 spectral bats (Ossuary)
  A ball python (D:4)
  3 giant cockroaches
  7 gnoll zombies (Ossuary)
  A hobgoblin (D:2)
  A jackal (D:4)
  2 quokkas
  4 bat simulacra (Ossuary)
  3 frilled lizards
  2 goblins
  A goblin simulacrum (Ossuary)
  8 goblin zombies (Ossuary)
  3 hobgoblin zombies (Ossuary)
  2 kobolds
  2 kobold simulacra (Ossuary)
  2 kobold zombies (Ossuary)
  A leopard gecko zombie (D:6)
  5 orc zombies (Ossuary)
  A quokka skeleton (D:6)
  A rat (D:3)
  5 rat simulacra (Ossuary)
  2 spectral goblins (Ossuary)
  5 spectral kobolds (Ossuary)
  3 spectral rats (Ossuary)
351 creatures vanquished.

Vanquished Creatures (collateral kills)
  Saint Roka (Elf:3)
  A deep elf sorcerer (Elf:3)
  A deep elf high priest (Elf:3)
  A dancing weapon (Elf:3)
  A deep troll (Orc:2)
  A deep elf archer (Elf:3)
  A hill giant (Orc:2)
  An orc sorcerer (Elf:3)
  A cyclops (Orc:2)
  3 trolls (Orc:2)
  3 orc warriors (Elf:3)
  7 ogres (Orc:2)
  An orc wizard (Elf:3)
  3 orcs (Elf:3)
26 creatures vanquished.

Vanquished Creatures (others)
  A deep elf mage (Elf:1)
  A water elemental (Elf:1)
2 creatures vanquished.

Grand Total: 379 creatures vanquished

Notes
Turn   | Place    | Note
-------+----------+-------------------------------------------
     0 | D:1      | 4thArraOfDagon the Troll Monk began the quest for the Orb.
     0 | D:1      | Reached XP level 1. HP: 22/22 MP: 0/0
   166 | D:2      | Noticed Natasha
   174 | D:2      | Noticed a crimson imp
   269 | D:2      | Noticed a crimson imp
   269 | D:3      | Noticed an orc priest
   285 | D:4      | Reached XP level 2. HP: 22/29 MP: 1/1
   317 | D:4      | Reached skill level 4 in Unarmed Combat
   320 | D:4      | Noticed Blork the orc
   333 | D:4      | Reached XP level 3. HP: 36/36 MP: 2/2
   343 | D:4      | Killed Blork the orc
   343 | D:4      | Reached skill level 5 in Unarmed Combat
   343 | D:4      | Reached XP level 4. HP: 34/44 MP: 3/3
   348 | D:4      | Reached XP level 5. HP: 41/50 MP: 4/4
   394 | D:4      | Reached skill level 6 in Unarmed Combat
   415 | D:4      | Found a glowing golden altar of the Shining One.
   418 | D:4      | Became a worshipper of the Shining One
   418 | D:4      | Reached * piety under the Shining One
   418 | D:4      | Reached ** piety under the Shining One
   497 | D:4      | Found a sand-covered staircase.
   504 | Ossuary  | Entered an ossuary
   548 | Ossuary  | Reached *** piety under the Shining One
   583 | Ossuary  | Reached **** piety under the Shining One
   693 | Ossuary  | Reached XP level 6. HP: 59/59 MP: 5/5
   732 | Ossuary  | Reached skill level 1 in Invocations
   740 | Ossuary  | Reached ***** piety under the Shining One
   990 | D:4      | Noticed Eustachio
  1001 | D:4      | Killed Eustachio
  1001 | D:4      | Reached skill level 7 in Unarmed Combat
  1001 | D:4      | Reached XP level 7. HP: 61/67 MP: 7/7
  1011 | D:4      | Found a snail-covered altar of Cheibriados.
  1048 | D:5      | Entered Level 5 of the Dungeon
  1085 | D:5      | Reached XP level 8. HP: 32/78 MP: 9/9
  1137 | D:5      | Got a shadowed robe
  1148 | D:5      | Identified the cursed +1 robe of Fallacy {Regen+} (You found it on level 5 of the Dungeon)
  1167 | D:5      | Gained mutation: You occasionally shout uncontrollably at your foes. [potion of mutation]
  1167 | D:5      | Gained mutation: Your spells are a little harder to cast, but a little more powerful. [potion of mutation]
  1167 | D:5      | Gained mutation: Your flesh is cold resistant. (rC+) [potion of mutation]
  1207 | D:5      | Gained mutation: You tend to lose your temper in combat. [mutagenic meat]
  1210 | D:5      | Gained mutation: You are partially covered in yellow scales. (AC +2) [mutagenic meat]
  1213 | D:5      | Gained mutation: Your mind is acute. (Int +2) [mutagenic meat]
  1226 | D:5      | Reached skill level 8 in Unarmed Combat
  1498 | D:6      | Found an iron altar of Okawaru.
  1522 | D:6      | Reached skill level 1 in Shields
  1559 | D:6      | Got a brightly glowing dagger
  1651 | D:7      | Reached XP level 9. HP: 84/85 MP: 10/10
  1655 | D:7      | Found a bloodstained altar of Trog.
  1701 | D:8      | Reached skill level 9 in Unarmed Combat
  1937 | D:9      | jacquesderrida: oooo
  1967 | D:9      | Reached skill level 5 in Fighting
  1967 | D:9      | Reached skill level 5 in Dodging
  2030 | D:9      | Found an ancient bone altar of Kikubaaqudgha.
  2185 | D:10     | Entered Level 10 of the Dungeon
  2202 | D:10     | Noticed a hill giant
  2212 | D:10     | Killed a hill giant
  2212 | D:10     | Reached XP level 10. HP: 73/96 MP: 12/12
  2304 | D:10     | Reached skill level 5 in Invocations
  2319 | D:10     | Reached skill level 10 in Unarmed Combat
  2421 | D:10     | Noticed a hill giant
  2429 | D:10     | Killed a hill giant
  2429 | D:10     | Reached skill level 5 in Shields
  2646 | D:11     | Gained mutation: Your system is resistant to poisons. (rPois) [mutagenic meat]
  2649 | D:11     | Gained mutation: You are weak. (Str -2) [mutagenic meat]
  2652 | D:11     | Gained mutation: You are resistant to hostile enchantments. (MR+) [mutagenic meat]
  2655 | D:11     | Gained mutation: You have a pair of small antennae on your head. [mutagenic meat]
  2658 | D:11     | Gained mutation: You have large cloven feet. [mutagenic meat]
  2661 | D:11     | Gained mutation: You are partially covered in large bone plates. (SH +4) [mutagenic meat]
  2687 | D:12     | Noticed an unseen horror
  2692 | D:12     | Killed an unseen horror
  2727 | D:12     | Reached ****** piety under the Shining One
  2771 | D:12     | Found a frozen archway.
  2792 | D:12     | Reached XP level 11. HP: 98/105 MP: 14/14
  2819 | IceCv    | Entered an ice cave
  2819 | IceCv    | Noticed a white ugly thing
  2841 | D:12     | Noticed an unseen horror
  2848 | D:12     | Killed an unseen horror
  2848 | D:12     | Reached skill level 11 in Unarmed Combat
  2914 | D:11     | Noticed a cyan ugly thing
  2921 | D:11     | Killed a cyan ugly thing
  2945 | D:11     | Noticed an eight-headed hydra
  3008 | D:13     | Noticed an unseen horror
  3036 | D:13     | Killed an unseen horror
  3040 | D:13     | Noticed a deep elf mage
  3078 | D:12     | Noticed a hill giant
  3087 | D:12     | Noticed an unseen horror
  3268 | D:11     | Found a staircase to the Orcish Mines.
  3296 | D:11     | Found a roughly hewn altar of Beogh.
  3308 | Orc:1    | Entered Level 1 of the Orcish Mines
  3429 | Orc:2    | Entered Level 2 of the Orcish Mines
  3430 | Orc:2    | Found a staircase to the Elven Halls.
  3686 | Orc:2    | Noticed a hill giant
  3751 | Orc:2    | Killed a hill giant
  3838 | Orc:2    | Reached skill level 12 in Unarmed Combat
  3908 | Orc:2    | Found Ozoafia's Book Shoppe.
  3937 | Orc:2    | Reached XP level 12. HP: 110/115 MP: 16/16
  3958 | Orc:2    | Noticed an ogre mage
  3966 | Orc:2    | Killed an ogre mage
  4079 | Orc:2    | Noticed an ogre mage
  4099 | Orc:2    | Killed an ogre mage
  4134 | Orc:2    | Found Jiararchuo's Gadget Emporium.
  4140 | Orc:2    | Found Qidax's Gadget Emporium.
  4149 | Orc:2    | Found Jacatare's Assorted Antiques.
  4154 | Orc:2    | Found Seel's Book Shoppe.
  4162 | Orc:2    | :D
  4167 | Orc:2    | Bought a cyan potion for 21 gold pieces
  4167 | Orc:2    | Bought a scroll labeled WODURCHY ROSYIPN for 24 gold pieces
  4173 | Orc:2    | Bought a wand of heal wounds (3/9) for 546 gold pieces
  4288 | Elf:1    | Entered Level 1 of the Elven Halls
  4391 | Elf:1    | Found a radiant altar of Vehumet.
  4521 | Elf:2    | Noticed a deep elf annihilator
  4531 | Elf:1    | Killed a deep elf annihilator
  4603 | Elf:1    | Reached skill level 13 in Unarmed Combat
  4642 | Elf:1    | Noticed a deep elf high priest
  4646 | Elf:1    | Reached XP level 13. HP: 37/126 MP: 17/17
  4851 | Elf:2    | Noticed a deep elf death mage
  4918 | Elf:1    | Noticed a deep elf annihilator
  4923 | Elf:1    | Killed a deep elf annihilator
  5033 | Elf:3    | Entered Level 3 of the Elven Halls
  5063 | Elf:3    | Found Goshruf's General Store.
  5369 | Elf:3    | Found a portal to a secret trove of treasure.
  5415 | Elf:3    | Noticed Saint Roka
  5428 | Elf:3    | Killed Saint Roka
  5428 | Elf:3    | Reached skill level 10 in Shields
  5428 | Elf:3    | Reached skill level 14 in Unarmed Combat
  5489 | Elf:3    | Noticed a deep elf sorcerer
  5502 | Elf:3    | Noticed a deep elf annihilator
  5505 | Elf:3    | Noticed a deep elf annihilator
  5505 | Elf:3    | Killed a deep elf sorcerer
  5505 | Elf:3    | Reached XP level 14. HP: 46/137 MP: 16/19
  5506 | Elf:3    | Killed from afar by a deep elf annihilator

Vault maps used:
D:1:      minmay_arrival_checkered_box, minmay_surrounded
D:2:      lemuel_doored_altar, uniq_natasha, uniq_robin
D:3:      gammafunk_temple_overflow_pools
D:4:      nicolae_overflow_hidden_temple, kennysheep_mini,
          chequers_ossuary_entry_cave, serial_shops, nicolae_shop_behind_doors,
          kennysheep_generic_room_4, uniq_eustachio, uniq_blork_the_orc
D:5:      lemuel_castle_with_subvaults, first_bread
D:6:      okawaru_metal_pillars_3
D:7:      trog_ov_bears_minmay, yredelemnul_altar_generic,
          kennysheep_little_box, fedhas_altar_1, serial_shops,
          nicolae_shop_overgrown_old_shop, uniq_crazy_yiuf_cottage
D:8:      lair_0_dummy
D:9:      nicolae_overflow_crystal_walls
D:11:     minmay_orc_entry_temple_large
D:12:     portal_ice_cave_entry_ice_beasts
D:13:     grunt_vaults_entry_fortified, serial_shops, shop,
          hangedman_stone_soup, zaba_antful_of_joy, uniq_maurice
Orc:1:    mines5_lemuel
Orc:2:    st_orc_open, serial_shops, shop
Elf:1:    eino_elf_arrival_altar, kennysheep_underground_church,
          evilmike_spriggan_trog_shrine, minmay_shoptagon
Elf:2:    portal_desolation_entry_twin_temple, abandoned_shop, uniq_louise
Elf:3:    minmay_elf_hall_four_x, enter_trove_6, serial_shops,
          nicolae_shop_behind_doors, st_stairs_9, uniq_saint_roka
Ossuary:  ossuary_zaba_two_paths
IceCv:    ice_cave_statue_garden_teleport

Skill      XL: |  1  2  3  4  5  6  7  8  9 10 11 12 13 |
---------------+----------------------------------------+-----
Unarmed Combat | 4 5 6 7 8 9 10 12 13 14 | 14.1
Invocations    | 2 3 4 5 6 7 8 |  8.7
Fighting       | 3 4 5 6 7 8 |  8.4
Dodging        | 3 4 5 6 7 8 |  8.4
Shields        | 2 4 5 7 8 10 | 10.1
Stealth        | |  1.1

Action                   |  1- 3 |  4- 6 |  7- 9 | 10-12 | 13-15 || total
-------------------------+-------+-------+-------+-------+-------++-------
Melee: Unarmed           |    26 |   190 |   244 |   530 |   170 ||  1160
       Punch             |       |     7 |     1 |       |       ||     8
       Kick              |       |       |       |   112 |    32 ||   144
Throw: Large rock        |       |       |       |     2 |       ||     2
Invok: Summon Divine War |       |       |       |     1 |     2 ||     3
Evoke: Rod               |       |       |     1 |       |       ||     1
       Wand              |       |       |       |       |     2 ||     2
  Use: Scroll            |     4 |       |     4 |    12 |     1 ||    21
       Potion            |     2 |     1 |     1 |       |     3 ||     7
 Stab: Sleeping          |     1 |       |       |       |       ||     1
  Eat: Chunk             |     2 |    11 |    14 |    40 |    10 ||    77
       Royal jelly       |       |       |       |     1 |       ||     1
       Pizza             |       |       |       |       |     1 ||     1
Armor: Robe              |    10 |    65 |    56 |    49 |     7 ||   187
       Skin              |       |       |       |       |    12 ||    12
Dodge: Dodged            |    26 |   114 |   124 |   164 |    19 ||   447
Block: Shield            |       |       |    75 |   294 |    53 ||   422
